AoeStats
← timon_1994

Nomad

508441537Analyzed
4v4 RM · 9d ago on Sep 22, 2026· 57m 58s· 8 players
Game mode
Random Map
Map size
231×231
Population
200
Speed
Normal
Resources
Standard
Victory
Conquest
Starting age
Dark Age
Ending age
Imperial Age
RankedLock teamsTeams togetherTeam positionsShared explorationLock speedFull tech treeHidden civsTurbo modeCheats
Victory
Defeat
🇹🇼 Persians · Taiwan
1131
+15
🇻🇳 Romans · Vietnam
1102
+16
🇮🇳 Tupi · India
1093
+16
🇹🇼 Huns · Taiwan
1080
+17
🇳🇱 Spanish · Netherlands
1115
-17
🇨🇳 Japanese · China
1109
-16
🇺🇸 Ethiopians · United States
1103
-16
🇦🇷 Poles · Argentina
1086
-15
timon_1994
15:12 Feudal Age
14:42 Loom
15:49 Double-Bit Axe
22:37 Castle Age
22:24 Gold Mining
22:25 Stone Mining
24:20 Bloodlines
24:11 Husbandry
24:09 Fishing Lines
24:50 Gillnets
25:14 Bow Saw
25:43 Wheelbarrow
26:33 Scale Barding Armor
27:35 Horse Collar
36:07 Imperial Age
34:00 Chain Barding Armor
34:02 Heavy Plow
36:05 Forging
36:20 Hand Cart
37:25 Plate Barding Armor
36:13 Cavalier
38:55 Hoardings
38:43 Conscription
41:54 Iron Casting
41:12 Light Cavalry
43:36 Blast Furnace
45:00 Masonry
alex950
7:46 Loom
15:20 Feudal Age
18:31 Double-Bit Axe
21:21 Castle Age
19:16 Horse Collar
20:44 Gold Mining
22:05 Wheelbarrow
23:38 Hand Cart
24:38 Bow Saw
23:58 Pikeman
30:24 Stone Mining
31:37 Scale Mail Armor
31:47 Forging
33:58 Chain Mail Armor
34:19 Iron Casting
33:35 Gambesons
36:33 Imperial Age
35:07 Squires
34:56 Arson
35:04 Fletching
35:42 Ballistics
36:48 Iron Casting
36:11 Bodkin Arrow
36:19 Elite Skirmisher
36:20 Crossbowman
37:06 Thumb Ring
37:05 Padded Archer Armor
36:37 Halberdier
37:43 Conscription
38:49 Blast Furnace
38:04 Bracer
38:46 Leather Archer Armor
40:20 Chemistry
40:50 Ring Archer Armor
40:53 Plate Mail Armor
40:50 Elite Samurai
41:41 Scale Barding Armor
41:42 Heavy Plow
42:45 Two-Man Saw
Obedia5002
8:34 Loom
16:08 Feudal Age
16:35 Double-Bit Axe
21:57 Castle Age
20:41 Fishing Lines
viber
4:48 Loom
15:05 Feudal Age
18:18 Double-Bit Axe
18:20 Fishing Lines
21:09 Castle Age
19:13 Horse Collar
22:53 Pikeman
24:38 Bloodlines
25:48 Light Cavalry
27:15 Scale Barding Armor
29:55 Chain Barding Armor
31:39 Forging
33:52 Bow Saw
Kuo
4:16 Loom
14:49 Feudal Age
16:14 Double-Bit Axe
17:39 Gold Mining
18:16 Scale Barding Armor
18:22 Forging
20:52 Castle Age
19:17 Horse Collar
23:49 Chain Barding Armor
33:48 Husbandry
33:58 Bloodlines
36:50 Wheelbarrow
38:52 Kamandaran
38:44 Fletching
43:27 Imperial Age
42:53 Bodkin Arrow
42:59 Padded Archer Armor
43:34 Iron Casting
43:23 Ballistics
42:59 Murder Holes
43:51 Hand Cart
43:21 Town Watch
43:05 Crossbowman
43:50 Thumb Ring
44:57 Chemistry
43:23 Cavalier
43:24 Heavy Camel Rider
43:24 Light Cavalry
45:20 Heavy Plow
45:30 Bow Saw
46:25 Stone Mining
47:11 Gold Shaft Mining
47:37 Two-Man Saw
47:08 Crop Rotation
46:09 Savar
49:14 Coinage
48:44 Caravan
48:55 Guilds
50:34 Leather Archer Armor
50:56 Plate Barding Armor
51:22 Blast Furnace
52:38 Conscription
52:30 Citadels
De1moS
7:33 Loom
13:46 Feudal Age
18:41 Castle Age
17:39 Town Watch
17:57 Double-Bit Axe
19:30 Gold Mining
19:56 Bow Saw
21:10 Fletching
24:15 Bodkin Arrow
26:41 Wheelbarrow
30:06 Ballistics
30:26 Hand Cart
31:06 Padded Archer Armor
31:00 Horse Collar
32:42 Murder Holes
36:40 Caciques
39:32 Imperial Age
37:39 Leather Archer Armor
38:57 Gold Shaft Mining
41:58 Conscription
41:03 Elite Blackwood Archer
42:57 Chemistry
43:25 Bracer
44:46 Curare
48:06 Hoardings
50:41 Stone Mining
53:06 Ring Archer Armor
satc1014
7:21 Loom
14:39 Feudal Age
18:55 Castle Age
18:43 Double-Bit Axe
27:07 Horse Collar
29:26 Scale Mail Armor
29:37 Forging
31:51 Man-at-Arms
32:32 Squires
32:20 Pikeman
35:35 Ballistas
36:26 Wheelbarrow
37:06 Town Watch
37:45 Chain Mail Armor
40:33 Iron Casting
43:02 Imperial Age
44:10 Conscription
kenghsien77
15:26 Feudal Age
19:04 Castle Age
17:39 Double-Bit Axe
18:51 Scale Barding Armor
20:12 Forging
25:31 Bloodlines
31:44 Husbandry
33:27 Iron Casting
34:15 Chain Barding Armor
35:17 Fletching
36:55 Horse Collar
38:58 Bodkin Arrow
42:18 Imperial Age
41:06 Padded Archer Armor
41:46 Wheelbarrow
42:19 Cavalier
43:37 Plate Barding Armor
44:39 Blast Furnace
45:21 Bracer
45:10 Crossbowman
45:56 Thumb Ring
46:09 Paladin
51:55 Conscription
55:52 Leather Archer Armor
57:02 Ballistics
Connection lost

Rejoining the realm…

Still unreachable

The connection could not be restored.

Session expired

The server has moved on; the page needs a fresh start.